 Dungeon Crawl Stone Soup version 0.31.0-32-g396128a36d (webtiles) character file.

Game seed: 7841197359582811400

4 Jinxx the Chiller (level 1, 0/13 HPs)
             Began as a Demonspawn Ice Elementalist on Apr 7, 2024.
             Slain by a kobold
             ... wielding a +0 dagger
              (4 damage)
             ... on level 1 of the Dungeon.
             The game lasted 00:00:48 (253 turns).

Jinxx the Chiller (Demonspawn Ice Elementalist)      Turns: 253, Time: 00:00:48

Health: 0/13       AC:  2    Str:  8    XL:     1   Next: 58%
Magic:  2/3        EV: 12    Int: 15    God:
Gold:   7          SH:  0    Dex: 13    Spells: 3/4 levels left

rFire   . . .        h - +0 long sword
rCold   . . .        (no shield)
rNeg    . . .        a - +0 robe
rPois   .            (no helmet)
rElec   .            g - scarf {repulsion}
rCorr   .            (no gloves)
SInv    .            (no boots)
Will    .....        (no amulet)
Stlth   ++           (no ring)
HPRegen 0.22/turn    (no ring)
MPRegen 0.08/turn

%: repel missiles
@: no status effects
A: no striking features
a: no special abilities


You were on level 1 of the Dungeon.
You visited 1 branch of the dungeon, and saw 1 of its levels.

You collected 7 gold pieces.

Inventory:

Hand Weapons
 h - a +0 long sword (weapon)
Armour
 a - a +0 robe (worn)
 g - a scarf of repulsion (worn)
Scrolls
 e - a scroll of revelation {unknown}
 f - 2 scrolls of teleportation {unknown}
Potions
 b - a potion of magic
 c - 2 potions of curing {unknown}
 d - a potion of haste {unknown}


   Skills:
 + Level 1.7 Dodging
 + Level 1.7 Stealth
 + Level 2.0 Spellcasting
 + Level 3.8 Ice Magic


You had 3 spell levels left.
You knew the following spells:

 Your Spells              Type           Power      Damage    Failure   Level
a - Freeze                Ice            52%        1d6       4%          1

Your spell library contained the following spells:

 Spells                   Type           Power      Damage    Failure   Level
 Frozen Ramparts          Ice            26%        1d4       14%         3
 Ozocubu's Armour         Ice            13%        N/A       14%         3
 Summon Ice Beast         Ice/Summ       7%         N/A       30%         3


Dungeon Overview and Level Annotations

Branches:
Dungeon (1/15)

Altars:


Message History

HP restored.
You see here a +0 club.
e - a scroll labelled QEYZIG KUADAR You see here a +0 club.
A kobold comes into view. It is wielding a +0 club.
The helpless kobold fails to defend itself.
You slash the kobold!
You kill the kobold!
No target in view!
No target in view!
f - 2 scrolls labelled GALOIL YNOUNK (gained 1)
You see here a scarf of repulsion.
Okay, then.
You see here a scarf of repulsion.
You start putting on your armour.
You continue putting on your scarf of repulsion. x4
You finish putting on your scarf of repulsion.
You are surrounded by a repulsion field.
Found a short sword.
You open the door.
Found a short sword.
A bat comes into view.
There is an open door here.
A kobold comes into view. It is wielding a +0 dagger.
The kobold misses you.
You barely miss the kobold. The bat hits you but does no damage.
The kobold closely misses you. The kobold hits you with a +0 dagger.
You barely miss the bat. The bat closely misses you. The bat misses you. x2
The kobold hits you with a +0 dagger.
You barely miss the bat. The bat barely misses you.
The kobold hits you with a +0 dagger. The bat closely misses you.
The kobold hits you with a +0 dagger.
You are too injured to fight recklessly!
Aiming: Freeze (safe; 4% risk of failure)
Press: ? - help, Q - select action Shift-Dir - straight line, f - bat
Aim: a bat You freeze the bat.
The bat is severely wounded.
The bat barely misses you. The kobold hits you with a +0 dagger.
You die...

####.#### ##.## .#
#..# #.# .. #.## #.#
#. #.# ##+## #.#
##...## #.###
##.....## #.#.##
##.......##
####....####.........#
...........'....@K...+
####....####...b.....#
###.## ##)......## #.#
##.....## #.# ##...##
#.# ##.... #.# #.###.
#.# #.# #.#


You could see a bat and a kobold.

Vanquished Creatures
  A ball python (D:1)
  A hobgoblin (D:1)
  A kobold (D:1)
  A rat (D:1)
4 creatures vanquished.

Notes
Turn   | Place    | Note
-------+----------+-------------------------------------------
     0 | D:1      | Jinxx the Demonspawn Ice Elementalist began the quest for
                  | the Orb.
     0 | D:1      | Reached XP level 1. HP: 13/13 MP: 3/3
   253 | D:1      | Slain by a kobold

Illustrated notes

Levels and vault maps discovered:
D:1:      hellmonk_arrival_library, layout_loops_corners, st_stairs_7

Action                     || total
---------------------------++-------
  Melee: Long sword        ||     6
         Club              ||     4
   Cast: Freeze            ||     3
   Stab: Sleeping          ||     1
 Armour: Robe              ||     7
  Dodge: Dodged            ||    16
